 Dungeon Crawl Stone Soup version 0.14-a0-2542-g51e44bb (webtiles) character file.

242 Jenx the Digger (level 4, -2/24 HPs)
             Began as a Gargoyle Earth Elementalist on Feb 10, 2014.
             Slain by Sigmund
             ... wielding a +0,+0 scythe
              (5 damage)
             ... on Level 3 of the Dungeon.
             The game lasted 00:07:26 (2237 turns).

Jenx the Digger (Gargoyle Earth Elementalist)       Turns: 2237, Time: 00:07:26

HP  -2/24        AC 13     Str 12      XL: 4   Next: 98%
MP   6/8         EV 10     Int 16      God:
Gold 128         SH  0     Dex 10      Spells:  3 memorised,  1 level left

rFire  . . .     SeeInvis .     e - +0 short sword
rCold  . . .     Clarity  .     i - +1 leather armour
rNeg   + . .     Conserve .     (no shield)
rPois  +         rCorr    .     (no helmet)
rElec  +         rRot     +     g - +2 cloak {rPois}
SustAb . .       Spirit   .     (no gloves)
rMut   .         Warding  .     (no boots)
Saprov . . .     Stasis   .     (no amulet)
MR     .....                    (no ring)
                                k - ring of invisibility

@: stone skin, not resistant to hostile enchantments, unstealthy
A: life protection 1, electricity resistance, unbreathing, petrification
resistance, AC +3
a: Evoke Invisibility


You were on level 3 of the Dungeon.
You were not hungry.

You visited 1 branch of the dungeon, and saw 3 of its levels.

You collected 128 gold pieces.

Inventory:

Hand weapons
 e - a +0,+0 short sword (weapon)
Missiles
 b - 40 stones
 h - 5 darts (quivered)
 y - 16 darts of flame
Armour
 c - a +0 robe
 g - a +2 cloak of poison resistance (worn)
 i - a +1 leather armour (worn)
Comestibles
 a - 3 bread rations
 s - an apple
 w - a choko
 B - 2 meat rations
Scrolls
 f - 2 scrolls of blinking {unknown}
 j - a scroll of immolation {unknown}
 m - 2 scrolls of noise {unknown}
 n - a scroll of curse weapon {unknown}
 p - a scroll of amnesia {unknown}
 r - a scroll of curse armour {unknown}
 t - a scroll of identify {unknown}
 u - a scroll of fear {unknown}
 v - a scroll of magic mapping {unknown}
 x - 3 scrolls of teleportation {unknown}
 z - a scroll of remove curse {unknown}
Jewellery
 k - a ring of invisibility (left hand)
Potions
 l - a potion of resistance {unknown}
 o - a potion of speed {unknown}
 q - 3 potions of curing {unknown}
 A - a potion of magic {unknown}
Books
 d - a book of Geomancy

   Spells                             Type                      Level
   *Sandblast                         Earth                        1
   *Stoneskin                         Transmutation/Earth          2
   Passwall                           Transmutation/Earth          3
   *Stone Arrow                       Conjuration/Earth            3
   Petrify                            Transmutation/Earth          4
   Lee's Rapid Deconstruction         Earth                        5


   Skills:
 - Level 1.5 Dodging
 - Level 2.1 Stealth
 + Level 2.3 Spellcasting
 * Level 0.9 Conjurations
 - Level 0.7 Transmutations
 - Level 6.1 Earth Magic


You had one spell level left.
You knew the following spells:

 Your Spells              Type           Power        Failure   Level  Hunger
a - Sandblast             Erth           ###...       1%          1    #......
b - Stone Arrow           Conj/Erth      ##....       14%         3    ####...
c - Stoneskin             Trmt/Erth      ##........   10%         2    ##.....


Dungeon Overview and Level Annotations

Branches:
Dungeon (3/16)

Altars:
Ashenzari

Annotations:
D:3 Sigmund


Innate Abilities, Weirdness & Mutations

You are resistant to torment.
You are immune to poison.
Your stone body is very resilient (AC +3).
You resist negative energy.
You are resistant to electric shocks.
You can survive without breathing.
You are immune to petrification.


Message History

Sigmund shouts!
Sigmund casts a spell.
Sigmund flickers and vanishes!
Deactivating autopickup; reactivate with Ctrl-A.
The goblin hits you but does no damage. Something hits you! Something hits you.
Casting: Sandblast
Confirm with . or Enter, or press ? or * to list all spells.
Your skin hardens.
The goblin misses you.
You hit the goblin.
The goblin is moderately wounded.
The goblin barely misses you. Something hits you but does no damage.
You hit the goblin.
You kill the goblin!
Something hits you!
* * * LOW HITPOINT WARNING * * *
Things that are here:
an orcish dagger; 11 gold pieces; a goblin corpse You miss something.
Something hits you.
You die...

######.##..........#.#...#
#......##.......##.#.#######
..#######..................#
................##########.#
.#.#######......# ......
#......# ....### #.....##
......# #.###########.#.#
....#.# #.#....@........#
##### ....#
#.##.#.#####.....### #....
....#.#......# {.......
#.### ....#..<.....# ....#..
#.# # .##.###......# .##.# .
.#.# # .....#.......# .# .#
###.#.# #
.##..##.............. .
....#.# #
.................... ..##.#
...#.##............. #.##.#


There were no monsters in sight!

Vanquished Creatures
  An iguana (D:3)
  Ijyb (D:3)
  An adder (D:3)
  A giant mite (D:2)
  4 giant geckos
  An ooze (D:3)
  An orc (D:3)
  3 giant cockroaches
  7 goblins
  5 hobgoblins
  2 jackals (D:1)
  A quokka (D:2)
  6 bats
  3 giant newts
  8 kobolds
  7 rats
52 creatures vanquished.

Notes
Turn   | Place    | Note
--------------------------------------------------------------
     0 | D:1      | Jenx, the Gargoyle Earth Elementalist, began the quest for the Orb.
     0 | D:1      | Reached XP level 1. HP: 10/10 MP: 3/3
   319 | D:1      | Reached skill level 4 in Earth Magic
   329 | D:1      | Reached XP level 2. HP: 9/15 MP: 2/4
   949 | D:2      | Reached XP level 3. HP: 19/19 MP: 6/6
  1041 | D:2      | Learned a level 3 spell: Stone Arrow
  1080 | D:2      | Reached skill level 5 in Earth Magic
  1570 | D:3      | Found a shattered altar of Ashenzari.
  1617 | D:3      | Noticed Ijyb
  1653 | D:3      | Killed Ijyb
  1653 | D:3      | Reached XP level 4. HP: 13/24 MP: 4/7
  1794 | D:3      | Reached skill level 6 in Earth Magic
  1799 | D:3      | Learned a level 2 spell: Stoneskin
  2227 | D:3      | Noticed Sigmund
  2237 | D:3      | Slain by Sigmund

Action                   |  1- 3 |  4- 6 || total
-------------------------+-------+-------++-------
Melee: Short sword       |   183 |    37 ||   220
Throw: Stone             |     1 |       ||     1
 Cast: Sandblast         |    11 |     1 ||    12
       Stone Arrow       |     1 |       ||     1
       Stoneskin         |       |     1 ||     1
